 Dungeon Crawl Stone Soup version 0.22-a0-32-ga749362 (webtiles) character file.

30 Paulus the Skirmisher (level 3, 0/33 HPs)
             Began as a Hill Orc Fighter on Jan 3, 2018.
             Slain by a phantom (2 damage)
             ... on level 2 of the Dungeon.
             The game lasted 00:12:13 (1642 turns).

Paulus the Skirmisher (Hill Orc Fighter)            Turns: 1642, Time: 00:12:14

Health: 0/33       AC:  8    Str: 19    XL:     3   Next: 18%
Magic:  3/3        EV:  7    Int:  8    God:
Gold:   102        SH:  9    Dex: 10    Spells: 2/2 levels left

rFire    . . .     SeeInvis .   a - +0 war axe
rCold    . . .     Gourm    .   c - +0 shield
rNeg     . . .     Faith    .   b - +0 scale mail
rPois    .         Spirit   .   n - +0 helmet
rElec    .         Reflect  .   (no cloak)
rCorr    .         Harm     +   (no gloves)
MR       .....                  (no boots)
Stlth    ..........             u - amulet of harm (curse)
HPRegen  0.11/turn              (no ring)
MPRegen  0.08/turn              (no ring)

@: no status effects
A: no striking features
a: no special abilities


You were on level 2 of the Dungeon.
You were not hungry.

You visited 1 branch of the dungeon, and saw 2 of its levels.

You collected 102 gold pieces.

Inventory:

Hand Weapons
 a - a +0 war axe (weapon)
 g - a +0 club
 i - a +0 mace
 j - a +0 club
 q - a +0 club
 y - a +0 club
Missiles
 m - 21 arrows
 z - 11 stones (quivered)
Armour
 b - a +0 scale mail (worn)
 c - a +0 shield (worn)
 h - a +0 leather armour
 l - a +0 chain mail
 n - a +0 helmet (worn)
 w - a +0 leather armour
Jewellery
 u - a cursed amulet of harm (around neck)
Scrolls
 e - a scroll of noise {unknown}
 k - a scroll of remove curse {unknown}
 o - a scroll of amnesia {unknown}
 p - a scroll of magic mapping {unknown}
 r - a scroll of identify
 A - a scroll of blinking {unknown}
Potions
 d - a potion of might
 s - a potion of heal wounds {unknown}
 t - a potion of curing {unknown}
 v - a potion of flight {unknown}
Comestibles
 f - 4 rations


   Skills:
 + Level 3.8 Fighting
 * Level 3.6 Axes
 + Level 3.7 Armour
 + Level 3.5 Shields


You had 2 spell levels left.
You didn't know any spells.

Dungeon Overview and Level Annotations

Branches:
Dungeon (2/15)

Altars:


Message History

The phantom blinks!
The phantom blinks!
The phantom blinks!
You block the phantom's attack.
You closely miss the phantom. You block the phantom's attack.
You hit the phantom.
The phantom is lightly damaged.
The phantom hits you but does no damage.
The phantom hits you!
* * * LOW HITPOINT WARNING * * *
You barely miss the phantom.
The phantom is lightly damaged.
The phantom hits you but does no damage.
You barely miss the phantom.
The phantom is lightly damaged.
The phantom hits you.
* * * LOW HITPOINT WARNING * * *
You block the phantom's attack.
You miss the phantom. The phantom hits you.
You die...

#.##########
#...ยง......#
##########.#
#......#.# #.####.#.#
#.#.##.#.# #.#....#.#
#.#.####.# #....W@..#
###.###### #.# #.#
#.# #.# #.# #.#
#.###################


You could see a phantom.

Vanquished Creatures
  A dart slug (D:2)
  A leopard gecko (D:1)
  2 bats (D:2)
  2 giant cockroaches (D:1)
  A goblin (D:1)
  4 hobgoblins
  4 jackals (D:2)
  2 kobolds (D:1)
  A ball python (D:1)
  3 frilled lizards
  2 rats
23 creatures vanquished.

Notes
Turn   | Place    | Note
-------+----------+-------------------------------------------
     0 | D:1      | Paulus the Hill Orc Fighter began the quest for the Orb.
     0 | D:1      | Reached XP level 1. HP: 19/19 MP: 1/1
   364 | D:1      | Reached XP level 2. HP: 25/27 MP: 2/2
  1339 | D:2      | Reached XP level 3. HP: 30/33 MP: 3/3
  1600 | D:2      | Noticed a phantom
  1642 | D:2      | Slain by a phantom

Vault maps used:
D:1:      dpeg_arrival_yet_another_circle

Skill      XL: |  1 |
---------------+----+-----
Axes           | 3 |  3.6
Fighting       | |  3.8
Armour         | |  3.7
Shields        | |  3.5

Action                   || total
-------------------------++-------
Melee: War axe           ||    79
  Use: Scroll            ||     1
  Eat: Ration            ||     1
Armor: Scale mail        ||    56
Dodge: Dodged            ||    34
Block: Shield            ||    43

Table legend:
 A = Spawn XP
 B = Non-spawn XP
 C = Spawn XP percentage of total XP
 D = Spawn monster count
 E = Non-spawn monster count
 F = Spawn count percentage of total count
 G = Total turns spent on level
                    A         B        C        D         E        F      G
               +---------+---------+-------+---------+---------+-------+---------
         Total |       0 |      43 |   0.0 |       0 |      23 |   0.0 |  1642
               +---------+---------+-------+---------+---------+-------+---------
           D:1 |       0 |      21 |   0.0 |       0 |      12 |   0.0 |  1327
           D:2 |       0 |      22 |   0.0 |       0 |      11 |   0.0 |   315
               +---------+---------+-------+---------+---------+-------+---------
